 Dungeon Crawl Stone Soup version 0.28.0 (webtiles) character file.

Game seed: 13496854482703218699

21 Gabide the Grave Robber (level 2, 0/19 HPs)
             Began as a Mummy Necromancer on Feb 9, 2022.
             Slain by Terence (6 damage)
             ... on level 2 of the Dungeon.
             The game lasted 00:02:25 (993 turns).

Gabide the Grave Robber (Mummy Necromancer)          Turns: 993, Time: 00:02:25

Health: 0/19       AC:  5    Str: 11    XL:     2   Next: 62%
Magic:  0/6        EV: 12    Int: 14    God:
Gold:   102        SH:  0    Dex: 12    Spells: 6/7 levels left

rFire   x . .      SeeInvis .   d - +1 dagger (venom)
rCold   + . .      Faith    .   (no shield)
rNeg    + + +      Spirit   .   a - +0 robe
rPois   ∞          Reflect  .   (no helmet)
rElec   .          Harm     .   b - +2 cloak
rCorr   .          Rampage  .   (no gloves)
Will    .....                   (no boots)
Stlth   ++........              (no amulet)
HPRegen 0.06/turn               (no ring)
MPRegen 0.10/turn               (no ring)

@: no status effects
A: cold resistance 1, negative energy resistance 3, torment resistance 2, heat
vulnerability 1, no potions
a: no special abilities


You were on level 2 of the Dungeon.
You visited 1 branch of the dungeon, and saw 2 of its levels.

You collected 102 gold pieces.

Inventory:

Hand Weapons
 d - a +1 dagger of venom (weapon)
Armour
 a - a +0 robe (worn)
 b - a +2 cloak (worn)
Scrolls
 c - a scroll of blinking {unknown}
 e - a scroll of identify {unknown}
 f - a scroll of teleportation {unknown}


   Skills:
 + Level 1.9 Dodging
 + Level 1.7 Stealth
 + Level 0.1 Unarmed Combat
 + Level 3.4 Spellcasting
 + Level 4.1 Necromancy


You had 6 spell levels left.
You knew the following spells:

 Your Spells              Type           Power      Damage    Failure   Level
a - Pain                  Necr           52%        1d6       3%          1

Your spell library contained the following spells:

 Spells                   Type           Power      Damage    Failure   Level
 Animate Skeleton         Necr           26%        N/A       3%          1
 Vampiric Draining        Necr           13%        2d6       12%         3
 Ensorcelled Hibernation  Hex/Ice        4%         N/A       30%         2
 Passwall                 Tmut/Erth      1%         N/A       30%         2
 Animate Dead             Necr           6%         N/A       36%         4
 Swiftness                Air            2%         N/A       52%         3
 Agony                    Necr           13%        N/A       71%         5


Dungeon Overview and Level Annotations

Branches:
Dungeon (2/15)

Altars:

Annotations:
D:2 Natasha, Terence


Innate Abilities, Weirdness & Mutations

You are immune to poison.
Your flesh is cold resistant. (rC+)
You are immune to negative energy. (rN+++)
You are immune to unholy pain and torment.
You are vulnerable to heat. (rF-)
You do not drink.


Message History

Terence writhes in agony.
Natasha mumbles some strange words.
Terence hits you with a +0 hand axe.
You closely miss Terence.
Terence is heavily wounded.
Terence hits you but does no damage.
You hit Terence but do no damage.
Terence is heavily wounded.
Terence hits you but does no damage.
You hit Terence but do no damage.
Terence is poisoned.
Terence is heavily wounded.
The shadow imp lashes its tail.
Terence hits you but does no damage.
You hit Terence but do no damage.
Terence looks as sick as possible!
Terence is heavily wounded.
Terence hits you with a +0 hand axe.
The shadow imp shouts, "Slither away, thou gleeking flat-headed wrapping tissue!"
You barely miss Terence.
Terence is heavily wounded.
Terence drinks a potion.
Terence is healed!
You hit Terence but do no damage. Terence barely misses you.
You hit Terence.
Terence is moderately wounded.
Natasha casts a spell.
Terence closely misses you.
You barely miss Terence.
Terence is moderately wounded.
Terence completely misses you.
Aiming: Pain (safe; 3% risk of failure)
Press: ? - help, Q - select action Shift-Dir - straight line, f/p - Terence
Aim: Terence, wielding a +0 hand axe and wearing a +0 chain mail (heavily wounded, very poisoned, chance to affect: 76%) Terence barely resists.
Terence hits you with a +0 hand axe.
You closely miss Terence.
Terence is heavily wounded.
Terence hits you with a +0 hand axe!
You hit Terence but do no damage.
Terence is heavily wounded.
Terence hits you with a +0 hand axe.
You die...

...........#
...........#
...........#
...........#
#########.##
###.# #...#
.###########.###
..55h5@@...#...#
##########.###.#
#.# #.# #.###.#
#.....# #######


You could see Terence (very poisoned), Natasha, a crimson imp (summoned) and 2
shadow imps.

Vanquished Creatures
  A dart slug (D:1)
  2 ball pythons (D:1)
  5 bats
  2 endoplasms (D:1)
  A giant cockroach (D:1)
  3 goblins (D:1)
  A kobold (D:1)
15 creatures vanquished.

Notes
Turn   | Place    | Note
-------+----------+-------------------------------------------
     0 | D:1      | Gabide the Mummy Necromancer began the quest for the Orb.
     0 | D:1      | Reached XP level 1. HP: 13/13 MP: 4/4
   519 | D:1      | Reached XP level 2. HP: 19/19 MP: 4/6
   974 | D:2      | Noticed Terence
   979 | D:2      | Noticed Natasha
   990 | D:2      | Noticed a crimson imp
   993 | D:2      | Slain by Terence

Illustrated notes

Levels and vault maps discovered:
D:1:      heliophobic_arrival_battle_scene, layout_loops_cross
D:2:      layout_basic, uniq_sigmund, uniq_terence, uniq_natasha

Skill      XL: |  1 |
---------------+----+-----
Spellcasting   | 3 |  3.4
Dodging        | |  1.9
Stealth        | |  1.7
Unarmed Combat | |  0.1
Necromancy     | |  4.1

Action                   || total
-------------------------++-------
Melee: Unarmed           ||     4
       Dagger            ||    11
 Cast: Pain              ||    34
Armor: Robe              ||     6
Dodge: Dodged            ||     4
